 Dungeon Crawl Stone Soup version 0.30-b1-2-g02819fbbbe (webtiles) character file.

Game seed: 3200054679520116211

354 Alarkh the Insei (level 6, -2/43 HPs)
             Began as a Demonspawn Transmuter on July 6, 2023.
             Slain by a yak (9 damage)
             ... on level 5 of the Dungeon.
             The game lasted 00:03:46 (3173 turns).

Alarkh the Insei (Demonspawn Transmuter)            Turns: 3173, Time: 00:03:47

Health: -2/43      AC:  2    Str: 11    XL:     6   Next: 35%
Magic:  10/10      EV: 12    Int: 22    God:
Gold:   222        SH:  0    Dex: 13    Spells: 7/11 levels left

rFire   . .          .
                       - Unarmed
rCold   . . .        (no shield)
rNeg    . . .        a - +0 robe
rPois   .            (no helmet)
rElec   .            (no cloak)
rCorr   +            (no gloves)
SInv    .            (no boots)
Will    .....        q - amulet of regeneration
Stlth   +            j - ring of resist corrosion
HPRegen 1.07/turn    k - +6 ring of intelligence
MPRegen 0.12/turn

%: no passive effects
@: no status effects
A: spiny 1, weakness stinger 2
a: no special abilities


You were on level 5 of the Dungeon.
You visited 1 branch of the dungeon, and saw 5 of its levels.

You collected 222 gold pieces.

Inventory:

Armour
 a - a +0 robe (worn)
Jewellery
 j - a ring of resist corrosion (left hand)
 k - a +6 ring of intelligence (right hand)
 o - a ring of flight
 q - an amulet of regeneration (around neck)
Scrolls
 d - 2 scrolls of immolation {unknown}
 f - a scroll of fog
 h - a scroll of magic mapping {unknown}
 i - a scroll of enchant armour {unknown}
 l - a scroll of fear
 n - a scroll of blinking
 r - a scroll of identify
 s - a scroll of teleportation {unknown}
Potions
 b - a potion of magic
 c - a potion of haste
 e - a potion of degeneration
 g - a potion of heal wounds
 m - 2 potions of flight
 p - a potion of might
 t - 2 potions of curing


   Skills:
 - Level 1.0 Fighting
 - Level 1.7 Dodging
 * Level 5.6 Unarmed Combat
 - Level 3.0 Spellcasting
 + Level 3.0 Transmutations


You had 7 spell levels left.
You knew the following spells:

 Your Spells              Type           Power      Damage    Failure   Level
a - Beastly Appendage     Tmut           32%        N/A       3%          1
b - Spider Form           Tmut/Pois      9%         N/A       21%         3

Your spell library contained the following spells:

 Spells                   Type           Power      Damage    Failure   Level
 Wereblood                Tmut           16%        N/A       5%          2
 Ice Form                 Ice/Tmut       9%         N/A       54%         4


Dungeon Overview and Level Annotations

Branches:
Dungeon (5/15)
 Temple: D:4-7

Altars:

Annotations:
D:3 3 runed translucent doors, diceflayer's ghost, amateur DsHu
D:4 2 transporters, Metae's ghost, amateur MiFi
D:5 Dowan; Duvessa


Innate Abilities, Weirdness & Mutations

You are partially covered in sharp spines.
You have a tail ending in a sharp stinger.


Message History

There is a stone staircase leading up here.
You climb upwards.
Level annotation: 2 transporters, Metae's ghost, amateur MiFi
There is a stone staircase leading down here.
You start resting.
HP restored.
You start resting.
HP restored.
You climb downwards.
Level annotation: Dowan; Duvessa The yak closely misses you. x2
There is a stone staircase leading up here.
A yak is nearby!
You completely miss the yak. You tail-slap the yak.
The yak is lightly wounded.
You hit the yak.
The yak is moderately wounded.
The yak is struck by your spines. The yak closely misses you.
You hit the yak.
The yak is moderately wounded.
The yak misses you.
You barely miss the yak.
The yak is moderately wounded.
The yak closely misses you.
You hit the yak.
The yak is moderately wounded.
The yak is struck by your spines. The yak gores you!
You punch the yak!
The yak is severely wounded.
The yak gores you!
You hit the yak.
You tail-slap the yak, but do no damage.
The yak is severely wounded.
The yak gores you!
* * * LOW HITPOINT WARNING * * *
You are too injured to fight recklessly!
You hit the yak.
The yak is severely wounded.
The yak is struck by your spines. The yak gores you!
You die...

##.###.....## #...
#..#(..#......#.###...#
##......#..#
.....#.....
..###...##.....#
...........
.........##...#
#..##......
..............# #.#
.......
.......##....#####.#
#...#.. #.##...
##.Y..##...###..##.. .
##.#
#.@.............### #.
####.......####..#. #.
####.......# #..#. ..
............# #....
............# #..#.
..##.........####..#. #
#................#
#.........(..#...#
#............#....


You could see a yak.

Vanquished Creatures
  Edmund (D:4)
  2 scorpions
  A howler monkey (D:4)
  3 adders
  An ufetubus (D:4)
  2 worms (D:2)
  2 dart slugs (D:1)
  4 ball pythons
  An endoplasm (D:1)
  6 giant cockroaches
  5 goblins
  2 hobgoblins
  4 kobolds
  3 quokkas
  3 bats
  3 frilled lizards
  4 rats
47 creatures vanquished.

Notes
Turn   | Place    | Note
-------+----------+-------------------------------------------
     0 | D:1      | Alarkh the Demonspawn Transmuter began the quest for the
                  | Orb.
     0 | D:1      | Reached XP level 1. HP: 15/15 MP: 3/3
     0 | D:1      | Noticed a large abomination
     0 | D:1      | Noticed an orb of fire
     1 | D:1      | Noticed a shadow dragon
     5 | D:1      | Noticed a golden dragon
     6 | D:1      | Noticed a green draconian
     8 | D:1      | Noticed a shadow dragon
     9 | D:1      | Noticed an orb of fire
    11 | D:1      | Noticed an orb of fire
    11 | D:1      | Noticed a large abomination
    13 | D:1      | Noticed a shadow dragon
    13 | D:1      | Noticed an orb of fire
    15 | D:1      | Noticed an ice dragon
    17 | D:1      | Noticed an ice dragon
    17 | D:1      | Noticed an orb of fire
    19 | D:1      | Noticed a red draconian
    21 | D:1      | Noticed an iron dragon
    57 | D:1      | Reached skill level 3 in Unarmed Combat
   158 | D:1      | Gained mutation: You are partially covered in sharp spines.
                  | [demonic ancestry]
   158 | D:1      | Reached XP level 2. HP: 21/21 MP: 5/5
   177 | D:1      | Found a faded altar of an unknown god.
  1107 | D:2      | Gained mutation: You have a small tail. [demonic ancestry]
  1107 | D:2      | Reached XP level 3. HP: 26/26 MP: 6/6
  1110 | D:2      | Reached skill level 4 in Unarmed Combat
  1594 | D:3      | Learned a level 3 spell: Spider Form
  1662 | D:3      | Noticed diceflayer's ghost (amateur DsHu)
  1685 | D:3      | Found a runed translucent gate.
  1685 | D:3      | Found a runed translucent gate.
  1685 | D:3      | Found a runed translucent gate.
  2089 | D:4      | Gained mutation: You have a tail ending in a sharp stinger.
                  | [demonic ancestry]
  2089 | D:4      | Reached XP level 4. HP: 31/32 MP: 7/7
  2104 | D:4      | Noticed Edmund
  2133 | D:4      | HP: 1/48 [poisoned by Edmund]
  2136 | D:4      | Killed Edmund
  2137 | D:4      | Reached skill level 5 in Unarmed Combat
  2137 | D:4      | Reached XP level 5. HP: 19/37 MP: 8/8
  2404 | D:4      | Noticed Metae's ghost (amateur MiFi)
  2469 | D:4      | Found a transporter.
  2474 | D:4      | Found a transporter.
  2935 | D:4      | Reached XP level 6. HP: 24/43 MP: 10/10
  3024 | D:5      | Entered Level 5 of the Dungeon
  3096 | D:5      | Noticed Duvessa
  3098 | D:5      | Noticed Dowan
  3099 | D:5      | Noticed a yak
  3100 | D:5      | Noticed a yak
  3100 | D:5      | Noticed a yak
  3102 | D:5      | Noticed a yak
  3173 | D:5      | Slain by a yak

Illustrated notes

Levels and vault maps discovered:
D:1:      shiori_arrival_whats_in_store_for_you, layout_loops_corners,
          basic_ecumenical_altar, patterned_corridor
D:2:      layout_basic
D:3:      layout_rooms, gammafunk_ghost_icy, skrybe_limestone_x
D:4:      layout_loops_corners, tso_metal_star, gammafunk_ghost_arena,
          amethyst_killhole, chequers_garden, ebering_dispersal_statue_hall,
          minmay_misc_feat_nine_boxes, dk_rats_in_the_wall, uniq_edmund
D:5:      layout_cave_pools, mainiacjoe_overflow_two_lobes,
          minmay_temple_entry_drinking_statues, serial_shops,
          nicolae_shop_real_fake_doors, grunt_ministairs_6, uniq_duvessa,
          uniq_grinder, uniq_sigmund

Skill      XL: |  1  2  3  4  5  6 |
---------------+-------------------+-----
Unarmed Combat | 3 4 5 |  5.6
Transmutations | 2 3 |  3.0
Spellcasting   | 3 |  3.0
Fighting       | |  1.0
Dodging        | |  1.7

Action                     |  1- 3 |  4- 6 || total
---------------------------+-------+-------++-------
  Melee: Unarmed           |    82 |    69 ||   151
         Punch             |     2 |     2 ||     4
         Tailslap          |     5 |     6 ||    11
    Use: Scroll            |     9 |     2 ||    11
         Potion            |       |     4 ||     4
   Stab: Sleeping          |     6 |     1 ||     7
 Armour: Robe              |     8 |     2 ||    10
         Skin              |       |    21 ||    21
  Dodge: Dodged            |    34 |    19 ||    53
